 Dungeon Crawl Stone Soup version 0.20.1-1-g8b1a95d (webtiles) character file.

120 Jazqa the Skirmisher (level 4, -10/42 HPs)
             Began as a Minotaur Fighter on Oct 27, 2017.
             Mangled by Menkaure (12 damage)
             ... on level 4 of the Dungeon.
             The game lasted 00:02:52 (1846 turns).

Jazqa the Skirmisher (Minotaur Fighter)             Turns: 1846, Time: 00:02:53

Health: -10/42     AC: 10    Str: 20    XL:     4   Next: 75%
Magic:  3/3        EV:  7    Int:  5    God:
Gold:   173        SH:  9    Dex: 11    Spells: 3/3 levels left

rFire    . . .     SeeInvis .   a - +0 flail
rCold    . . .     Gourm    .   c - +0 shield
rNeg     . . .     Faith    .   b - +0 scale mail
rPois    .         Spirit   .   (helmet restricted)
rElec    .         Reflect  .   u - +0 cloak
rCorr    .         Harm     .   k - +0 pair of gloves
MR       .....                  x - +0 pair of boots
Stlth    +.........             (no amulet)
Regen    0.2/turn               Q - ring of stealth
MPRegen  0.1/turn               (no ring)

@: no status effects
A: retaliatory headbutt, horns 2
a: no special abilities


You were on level 4 of the Dungeon.
You were very hungry.

You visited 1 branch of the dungeon, and saw 4 of its levels.

You collected 173 gold pieces.


Innate Abilities, Weirdness & Mutations

You reflexively headbutt those who attack you in melee.
You have a pair of horns on your head.


   Skills:
 + Level 5.3 Fighting
 + Level 4.6 Maces & Flails
 - Level 3.6 Armour
 - Level 3.6 Shields


You had 3 spell levels left.
You didn't know any spells.

Inventory:

Hand Weapons
 a - a +0 flail (weapon)
Armour
 b - a +0 scale mail (worn)
 c - a +0 shield (worn)
 k - a +0 pair of gloves (worn)
 u - a +0 cloak (worn)
 x - a +0 pair of boots (worn)
Jewellery
 Q - a ring of stealth (left hand)
Scrolls
 h - a scroll of immolation {!r}
 i - a scroll of identify {@r1}
 j - 2 scrolls of remove curse {@r2}
 n - 2 scrolls of enchant weapon {unknown}
 o - 2 scrolls of blinking {unknown}
 r - 2 scrolls of recharging
 t - a scroll of fog {unknown}
Potions
 d - a potion of might
 e - a potion of curing {unknown}
 m - a potion of heal wounds {@q2}
 p - 2 potions of ambrosia
 s - a potion of flight {unknown}
Books
 g - a book of Minor Magic

   Spells                             Type                      Level
   a - Magic Dart                     Conjuration                  1
   b - Blink                          Translocation                2
   c - Call Imp                       Summoning                    2
   d - Slow                           Hexes                        2
   e - Conjure Flame                  Conjuration/Fire             3
   f - Mephitic Cloud                 Conjuration/Poison/Air       3
Comestibles
 f - 3 bread rations {@e1}
 l - 3 meat rations {@e1}
 q - 3 fruits {@e2}

Dungeon Overview and Level Annotations

Branches:
Dungeon (4/15)
 Temple: D:4-7

Altars:
Elyvilon

Annotations:
D:4 Menkaure

............ ...........
........... ..........
#......... #.........
#.M....... #.@.......
#####.........
##...##.....### ### #.
#.....#.....# #.. #.
#.....'.....+ ......#.. +..
#.....#.....# ......#.. #..
##.!..#.....#####...##..
#..###....##+#......#...##..
#............'......#.......


You could see Menkaure.


Message History

Unknown command.
You hit Menkaure.
You headbutt Menkaure, but do no damage.
Menkaure is moderately damaged.
Menkaure whispers, "It doesn't hurt if you pull your brain out of your nose yourself."
You block Menkaure's attack. Menkaure hits you.
* * * LOW HITPOINT WARNING * * *
You hit Menkaure but do no damage.
Menkaure is moderately damaged.
Menkaure grins.
Menkaure points at you and mumbles some strange words.
Pain shoots through your body!
* * * LOW HITPOINT WARNING * * *
Unknown command.
You feel much better.
You are feeling very hungry.
Menkaure hits you!
* * * LOW HITPOINT WARNING * * *
You block Menkaure's attack.
You hit Menkaure.
Menkaure is heavily damaged.
You block Menkaure's attack.
You hit Menkaure.
Menkaure is heavily damaged.
Menkaure hits you!
* * * LOW HITPOINT WARNING * * *
You hit Menkaure but do no damage.
Menkaure is heavily damaged.
Menkaure barely misses you. Menkaure hits you!
You die...

Skill      XL: |  1  2  3  4 |
---------------+-------------+-----
Fighting       | 4 5 |  5.3
Maces & Flails | 3 4 |  4.6
Armour         | |  3.6
Shields        | |  3.6

Action                   |  1- 3 |  4- 6 || total
-------------------------+-------+-------++-------
Melee: Flail             |   100 |    10 ||   110
       Headbutt          |     9 |     4 ||    13
  Use: Scroll            |       |     7 ||     7
       Potion            |       |     1 ||     1
  Eat: Chunk             |     2 |       ||     2
Armor: Scale mail        |    49 |     1 ||    50
Dodge: Dodged            |    41 |     2 ||    43
Block: Shield            |    58 |     3 ||    61

Vault maps used:
D:1:      minmay_arrival_radiant_lines
D:2:      first_bread
D:3:      old_standard_altar
D:4:      serial_shops, kennysheep_mini, uniq_menkaure

Notes
Turn   | Place    | Note
-------+----------+-------------------------------------------
     0 | D:1      | Jazqa the Minotaur Fighter began the quest for the Orb.
     0 | D:1      | Reached XP level 1. HP: 19/19 MP: 0/0
    36 | D:1      | Reached skill level 4 in Fighting
    36 | D:1      | Reached XP level 2. HP: 5/27 MP: 1/1
   205 | D:1      | Reached skill level 3 in Maces & Flails
   502 | D:1      | Reached XP level 3. HP: 33/34 MP: 2/2
  1081 | D:3      | Found a white marble altar of Elyvilon.
  1358 | D:3      | Reached skill level 4 in Maces & Flails
  1620 | D:3      | Reached XP level 4. HP: 41/41 MP: 3/3
  1707 | D:4      | Reached skill level 5 in Fighting
  1835 | D:4      | Noticed Menkaure
  1845 | D:4      | HP: 2/42 [Menkaure (17)]
  1846 | D:4      | Mangled by Menkaure

Vanquished Creatures
  A scorpion (D:4)
  An adder (D:3)
  An ooze (D:1)
  2 worms (D:3)
  2 dart slugs
  3 leopard geckos
  9 bats
  2 giant cockroaches
  3 goblins
  2 hobgoblins (D:1)
  4 jackals (D:2)
  6 kobolds
  A quokka (D:3)
  A ball python (D:1)
  4 frilled lizards
  4 rats
46 creatures vanquished.
